 Dungeon Crawl Stone Soup version 0.30-a0-331-g8ab09dc110 (webtiles) character file.

Game seed: 3474174326825338445

69 jfcaron the Poker (level 4, -3/38 HPs)
             Began as a Gnoll Reaver on Oct 30, 2022.
             Slain by a black bear (4 damage)
             ... on level 3 of the Dungeon.
             The game lasted 00:05:22 (2158 turns).

jfcaron the Poker (Gnoll Reaver)                    Turns: 2158, Time: 00:05:23

Health: -3/38      AC: 10    Str: 13    XL:     4   Next: 20%
Magic:  11/11      EV:  4    Int: 13    God:
Gold:   199        SH:  0    Dex: 10    Spells: 10/13 levels left

rFire   . . .      SeeInvis .    i - +0 trident
rCold   . . .      Faith    .    (no shield)
rNeg    . . .      Spirit   .    c - +0 plate armour
rPois   .          Reflect  .    (no helmet)
rElec   .          Harm     .    (no cloak)
rCorr   +          Rampage  .    (no gloves)
Will    .....                    (no boots)
Stlth   ..........               (no amulet)
HPRegen 0.26/turn                p - ring of resist corrosion
MPRegen 0.12/turn                (no ring)

@: on berserk cooldown, slowed, very slow
A: fangs 1, strong nose, distributed training
a: no special abilities


You were on level 3 of the Dungeon.
You visited 1 branch of the dungeon, and saw 3 of its levels.

You collected 199 gold pieces.

Inventory:

Hand Weapons
 i - a +0 trident (weapon)
Armour
 b - a +0 leather armour
 c - a +0 plate armour (worn)
 f - a +1 scale mail of willpower
Jewellery
 n - the amulet of Elemental Vulnerability {rPois rF-- rC-- AC+8}
   (You found it on level 3 of the Dungeon)

   [amulet of nothing]

   AC:        It affects your AC (+8).
   rF:        It makes you very vulnerable to fire.
   rC:        It makes you very vulnerable to cold.
   rPois:     It protects you from poison.
 p - a ring of resist corrosion (left hand)
Scrolls
 h - a scroll of identify {unknown}
 k - a scroll of acquirement {unknown}
 l - a scroll of enchant weapon {unknown}
Potions
 d - a potion of brilliance {unknown}
 e - a potion of heal wounds {unknown}
 g - a potion of curing {unknown}
 j - a potion of flight {unknown}
 o - a potion of ambrosia {unknown}


   Skills:
 + Level 4.6 Fighting
 + Level 1.1 Short Blades
 + Level 1.1 Long Blades
 + Level 1.1 Axes
 + Level 1.1 Maces & Flails
 + Level 6.6 Polearms
 + Level 1.1 Staves
 + Level 1.1 Ranged Weapons
 + Level 1.1 Throwing
 + Level 1.1 Armour
 + Level 4.6 Dodging
 + Level 1.1 Stealth
 + Level 1.1 Shields
 + Level 1.1 Unarmed Combat
 + Level 5.0 Spellcasting
 + Level 5.4 Conjurations
 + Level 0.8 Hexes
 + Level 0.8 Summonings
 + Level 0.8 Necromancy
 + Level 0.8 Translocations
 + Level 0.8 Transmutations
 + Level 0.8 Fire Magic
 + Level 0.8 Ice Magic
 + Level 0.8 Air Magic
 + Level 0.8 Earth Magic
 + Level 0.8 Poison Magic
 + Level 1.2 Invocations
 + Level 1.1 Evocations


You had 10 spell levels left.
You knew the following spells:

 Your Spells              Type           Power      Damage    Failure   Level
a - Kiss of Death         Conj/Necr      44%        2d8       100%        1
b - Momentum Strike       Conj/Tloc      22%        3d8       100%        2

Your spell library contained the following spells:

 Spells                   Type           Power      Damage    Failure   Level
 Beastly Appendage        Tmut           10%        N/A       100%        1
 Wereblood                Tmut           5%         N/A       100%        2
 Hailstorm                Conj/Ice       11%        3d5       100%        3
 Spider Form              Tmut/Pois      5%         N/A       100%        3


Dungeon Overview and Level Annotations

Branches:
Dungeon (3/15)

Altars:


Innate Abilities, Weirdness & Mutations

You have very sharp teeth.
Your uncanny sense of smell can sniff out nearby items.
Your experience applies equally to all skills.


Message History

The goblin shouts!
The black bear bites you. The black bear claws you.
The black bear claws you but does no damage.
You closely miss the black bear.
You bite the black bear, but do no damage.
The black bear is heavily wounded.
The black bear bites you but does no damage.
The black bear claws you but does no damage. x2
The black bear bites you but does no damage.
The black bear claws you. The black bear barely misses you.
You puncture the black bear!
The black bear is severely wounded.
The black bear bites you.
The black bear claws you but does no damage. x2
Unknown command.
You hit the black bear.
The black bear is almost dead.
The black bear goes berserk!
The black bear bites you.
The black bear claws you but does no damage.
The black bear claws you.
* * * LOW HITPOINT WARNING * * *
Unknown command.
You barely miss the black bear.
The black bear is almost dead.
The black bear bites you but does no damage.
The black bear barely misses you. The black bear claws you.
* * * LOW HITPOINT WARNING * * *
The goblin barely misses you. The black bear bites you.
* * * LOW HITPOINT WARNING * * *
The black bear claws you.
* * * LOW HITPOINT WARNING * * *
The black bear barely misses you.
Okay, then.
Unknown command.
You barely miss the black bear.
The black bear is almost dead.
The black bear bites you.
* * * LOW HITPOINT WARNING * * *
The black bear claws you.
You die...

..##..# .....######
#......<# #.......#
..#<......#
..#.......#
#.#.......#
#.#...gh..#
#.#...@...####
#.#........... .
#.#.......####.#
###..............
#.####.....##..##..##
#......#..####....##
. #.######..## ##..##
.. .. #...## #..# ..#
.. #....###..###...#


You could see a black bear (berserk) and a goblin.

Vanquished Creatures
  3 adders (D:2)
  A dart slug (D:1)
  An orc (D:3)
  3 bats
  5 endoplasms
  5 goblins
  A hobgoblin (D:2)
  3 jackals (D:1)
  3 kobolds
  3 quokkas
  3 ball pythons (D:1)
  A frilled lizard (D:1)
  4 rats
36 creatures vanquished.

Notes
Turn   | Place    | Note
-------+----------+-------------------------------------------
     0 | D:1      | jfcaron the Gnoll Reaver began the quest for the Orb.
     0 | D:1      | Reached XP level 1. HP: 20/20 MP: 6/6
   119 | D:1      | Reached XP level 2. HP: 25/26 MP: 7/7
   125 | D:1      | Learned a level 2 spell: Momentum Strike
   996 | D:1      | Reached skill level 5 in Spellcasting
   996 | D:1      | Reached XP level 3. HP: 29/31 MP: 7/9
  1262 | D:2      | Found a faded altar of an unknown god.
  1288 | D:2      | Reached skill level 1 in Invocations
  1580 | D:2      | Reached skill level 1 in Short Blades
  1580 | D:2      | Reached skill level 1 in Long Blades
  1580 | D:2      | Reached skill level 1 in Axes
  1580 | D:2      | Reached skill level 1 in Maces & Flails
  1580 | D:2      | Reached skill level 1 in Staves
  1580 | D:2      | Reached skill level 1 in Ranged Weapons
  1580 | D:2      | Reached skill level 1 in Throwing
  1580 | D:2      | Reached skill level 1 in Armour
  1580 | D:2      | Reached skill level 1 in Stealth
  1580 | D:2      | Reached skill level 1 in Shields
  1580 | D:2      | Reached skill level 1 in Unarmed Combat
  1580 | D:2      | Reached skill level 1 in Evocations
  1660 | D:2      | Reached XP level 4. HP: 35/38 MP: 11/11
  1942 | D:3      | Found the amulet of Elemental Vulnerability {rPois rF--
                  | rC-- AC+8}
  2088 | D:3      | Noticed a black bear
  2157 | D:3      | HP: 7/38 [black bear (2)]
  2157 | D:3      | HP: 3/38 [black bear (4)]
  2158 | D:3      | HP: 1/38 [black bear (2)]
  2158 | D:3      | Slain by a black bear

Illustrated notes

Levels and vault maps discovered:
D:1:      roderic_dead_forest, layout_basic, serial_rivers,
          chequers_serial_rivers_micro_c, chequers_serial_rivers_small_a,
          chequers_serial_rivers_large_b, chequers_serial_rivers_micro_e
D:2:      layout_basic, serial_glass, glass_columns_a, glass_columns_a,
          ebering_ecumenical_altar_ruins
D:3:      layout_rooms, nicolae_overflow_crystal_walls, supply_closet_lemuel,
          palyth_stone_intersect

Skill      XL: |  1  2  3 |
---------------+----------+-----
Spellcasting   | 5 |  5.0
Invocations    | 1 |  1.2
Short Blades   | 1 |  1.1
Long Blades    | 1 |  1.1
Axes           | 1 |  1.1
Maces & Flails | 1 |  1.1
Staves         | 1 |  1.1
Ranged Weapons | 1 |  1.1
Throwing       | 1 |  1.1
Armour         | 1 |  1.1
Stealth        | 1 |  1.1
Shields        | 1 |  1.1
Unarmed Combat | 1 |  1.1
Evocations     | 1 |  1.1
Fighting       | |  4.6
Polearms       | |  6.6
Dodging        | |  4.6
Conjurations   | |  5.4
Hexes          | |  0.8
Summonings     | |  0.8
Necromancy     | |  0.8
Translocations | |  0.8
Transmutations | |  0.8
Fire Magic     | |  0.8
Ice Magic      | |  0.8
Air Magic      | |  0.8
Earth Magic    | |  0.8
Poison Magic   | |  0.8

Action                   |  1- 3 |  4- 6 || total
-------------------------+-------+-------++-------
Melee: Spear             |    76 |       ||    76
       Bite              |     8 |     4 ||    12
       Trident           |    17 |    31 ||    48
Throw: Stone             |    22 |     4 ||    26
  Use: Potion            |       |     1 ||     1
Armor: Plate armour      |    14 |    40 ||    54
       Scale mail        |    16 |    12 ||    28
Dodge: Dodged            |    20 |    13 ||    33

Table legend: (Time is in decaauts)
 A = Elapsed time spent in this place.
 B = Non-inter-level travel time spent in this place.
 C = Inter-level travel time spent in this place.
 D = Time resting spent in this place.
 E = Time spent auto-exploring this place.
 F = Levels seen in this place.
 G = Mean time per level.
                   A        B        C        D        E       F      G
               +--------+--------+--------+--------+--------+-----+--------+
         Total |   2176 |   2072 |    104 |     32 |   1715 |   3 |  725.3 |
       Dungeon |   2176 |   2072 |    104 |     32 |   1715 |   3 |  725.3 |
               +--------+--------+--------+--------+--------+-----+--------+

Top non-repeatable levels by time:
     D:1: 1212 daAuts
     D:2: 756 daAuts
     D:3: 207 daAuts
